 Dungeon Crawl Stone Soup version 0.26.0-90-g5fd8617961 (webtiles) character file.

Game seed: 10927181041984198071

53 kreisler the Sneak (level 3, 0/24 HPs)
             Began as an Octopode Brigand on Feb 2, 2021.
             Slain by a phantom (6 damage)
             ... on level 2 of the Dungeon.
             The game lasted 00:03:03 (1155 turns).

kreisler the Sneak (Octopode Brigand)               Turns: 1155, Time: 00:03:04

Health: 0/24       AC:  1    Str: 10    XL:     3   Next: 89%
Magic:  3/3        EV: 13    Int: 13    God:
Gold:   127        SH:  0    Dex: 14    Spells: 2/2 levels left

rFire    . . .     SeeInvis .   a - +2 dagger
rCold    . . .     Faith    .   (no shield)
rNeg     . . .     Spirit   .   (helmet restricted)
rPois    .         Reflect  .   (no amulet)
rElec    .         Harm     .   (no ring)
rCorr    .         Rampage  .   (no ring)
Will     .....                  (no ring)
Stlth    ++++......             (no ring)
HPRegen  0.08/turn              (no ring)
MPRegen  0.08/turn              (no ring)
                                (no ring)
                                (no ring)

@: no status effects
A: almost no armour, stealthy swim, amphibious, 8 rings, constrict 8, camouflage
1, gelatinous body 1
a: no special abilities


You were on level 2 of the Dungeon.
You visited 1 branch of the dungeon, and saw 2 of its levels.

You collected 127 gold pieces.

Inventory:

Hand Weapons
 a - a +2 dagger (weapon)
Missiles
 b - 33 poisoned darts (quivered)
 c - 2 curare-tipped darts
Jewellery
 d - an uncursed ring of poison resistance {unknown}
 j - a cursed ring of teleportation {unknown}
Scrolls
 f - a scroll of remove curse {unknown}
Potions
 e - a potion of degeneration {unknown}
 h - a potion of curing


   Skills:
 + Level 2.2 Fighting
 + Level 2.2 Short Blades
 + Level 2.1 Throwing
 + Level 1.0 Dodging
 + Level 7.0 Stealth


You had 2 spell levels left.
You didn't know any spells.
Your spell library was empty.

Dungeon Overview and Level Annotations

Branches:
Dungeon (2/15)

Altars:


Innate Abilities, Weirdness & Mutations

You cannot wear most types of armour.
You are very stealthy in the water. (Stealth+)
You are amphibious.
You can wear up to eight rings at the same time.
You can use your tentacles to constrict eight enemies at once.
Your skin changes colour to match your surroundings (Stealth+).
Your rubbery body absorbs attacks. (AC +1, EV +1)


Message History

The phantom closely misses you.
You hit the phantom. Your squeeze misses the phantom.
The phantom is severely damaged.
The phantom hits you.
* * * LOW HITPOINT WARNING * * *
Throw: 34 darts (poison)
Press: ? - help, Q - select action, (/) - cycle Shift-Dir - straight line, f - phantom
Aim: a phantom (severely damaged, 50% to hit)
You throw a poisoned dart. The poisoned dart hits the phantom.
The phantom is severely damaged.
The phantom hits you but does no damage.
You hit the phantom.
The phantom is almost destroyed.
The phantom hits you.
* * * LOW HITPOINT WARNING * * *
The phantom blinks!
You barely miss the phantom.
The phantom is almost destroyed.
The phantom hits you.
You die...

#. #. #. .## ..#
#.# #§### #.#
#@#.######< #.#
#.W........ #.#
#.#.###### #.#
#.#.######## #.#
#.#......†.# #.#
#.#........#####.#
#.#.....(.....##.#
#.#...............
#.#...........####


You could see a phantom.

Vanquished Creatures
  2 adders (D:2)
  A worm (D:2)
  A leopard gecko (D:1)
  3 bats (D:1)
  2 giant cockroaches (D:1)
  4 goblins
  3 hobgoblins (D:1)
  A jackal (D:1)
  5 frilled lizards
  8 kobolds
  2 rats (D:2)
32 creatures vanquished.

Notes
Turn   | Place    | Note
-------+----------+-------------------------------------------
     0 | D:1      | kreisler the Octopode Brigand began the quest for the Orb.
     0 | D:1      | Reached XP level 1. HP: 14/14 MP: 1/1
    70 | D:1      | Reached XP level 2. HP: 13/19 MP: 2/2
   226 | D:1      | Reached skill level 6 in Stealth
   731 | D:1      | Reached XP level 3. HP: 24/24 MP: 3/3
  1075 | D:2      | Reached skill level 7 in Stealth
  1141 | D:2      | Noticed a phantom
  1155 | D:2      | Slain by a phantom

Illustrated notes

Levels and vault maps discovered:
D:1:      erik_arrival_cave_to_civilisation [erik_arrival_cave_to_hall],
          layout_rooms, wander_ebering_terrifying_dragon_lair
D:2:      layout_loops_ring

Skill      XL: |  1  2  3 |
---------------+----------+-----
Stealth        | 6 7 |  7.0
Fighting       | |  2.2
Short Blades   | |  2.2
Throwing       | |  2.1
Dodging        | |  1.0

Action                   || total
-------------------------++-------
Melee: Dagger            ||    64
       Constrict         ||    12
       Tentacles         ||     8
Throw: Dart              ||     1
  Use: Scroll            ||     3
       Potion            ||     3
 Stab: Sleeping          ||     8
Armor: Skin              ||     3
Dodge: Dodged            ||    20
